 Dungeon Crawl Stone Soup version 0.21-a0-442-g848f44b (webtiles) character file.

6988 Gildeon the Skirmisher (level 10, -12/81 HPs)
             Began as a Minotaur Hunter on Nov 16, 2017.
             Was a Priest of Vehumet.
             Mangled by Qupu's ghost (20 damage)
             ... on level 11 of the Dungeon.
             The game lasted 01:44:27 (12263 turns).

Gildeon the Skirmisher (Minotaur Hunter)           Turns: 12263, Time: 01:44:28

Health: -12/81     AC:  9    Str: 18    XL:     10   Next: 81%
Magic:  16/16      EV: 14    Int: 10    God:    Vehumet [***...]
Gold:   360        SH:  5    Dex: 13    Spells: 14/19 levels left

rFire    + . .     SeeInvis +   s - +1 battleaxe
rCold    . . .     Gourm    .   (shield currently unavailable)
rNeg     . . .     Faith    .   c - +1 leather armour
rPois    .         Spirit   .   (helmet restricted)
rElec    .         Reflect  +   u - +0 cloak
rCorr    .         Harm     .   n - +0 pair of gloves
MR       .....                  H - +1 pair of boots
Stlth    ++........             m - +5 amulet of reflection
HPRegen  0.23/turn              g - ring of see invisible
MPRegen  0.15/turn              A - ring of protection from fire

@: hasted, glowing, very quick
A: retaliatory headbutt, horns 2, thin skeletal structure 1, wild magic 1, no
potion heal 1
a: Renounce Religion


You were on level 11 of the Dungeon.
You worshipped Vehumet.
Vehumet was most pleased with you.
You were not hungry.

You visited 2 branches of the dungeon, and saw 12 of its levels.
You also visited: Ossuary.

You collected 426 gold pieces.
You spent 66 gold pieces at shops.

Inventory:

Hand Weapons
 a - a +4 shortbow
 s - a +1 battleaxe (weapon)
Missiles
 d - 65 arrows
Armour
 c - a +1 leather armour (worn)
 n - a +0 pair of gloves (worn)
 u - a +0 cloak (worn)
 H - a +1 pair of boots (worn)
Jewellery
 g - a ring of see invisible (left hand)
 l - an uncursed ring of poison resistance {unknown}
 m - a +5 amulet of reflection (around neck)
 p - an uncursed ring of fire
 A - a ring of protection from fire (right hand)
Wands
 b - a wand of acid (9/15)
 f - a wand of random effects (30/48)
 k - a wand of polymorph (8/24)
 z - a wand of random effects (32/48)
 F - a wand of lightning (8/15)
 J - a wand of random effects (25/48)
Scrolls
 e - 3 scrolls of remove curse
 w - a scroll of fear
 x - 2 scrolls of blinking
 y - 4 scrolls of teleportation
 B - 6 scrolls of recharging
 E - a scroll of holy word
 G - a scroll of magic mapping
Potions
 h - 2 potions of flight
 q - a potion of curing
 t - 3 potions of brilliance
 v - a potion of lignification
 C - a potion of might {unknown}
 D - a potion of berserk rage {unknown}
Books
 j - a book of Party Tricks

   Spells                             Type                      Level
   a - Summon Butterflies             Summoning                    1
   b - Apportation                    Translocation                1
   c - Lesser Beckoning               Translocation                3
   d - Tukima's Dance                 Hexes                        3
   e - Alistair's Intoxication        Transmutation/Poison         5
   f - Invisibility                   Hexes                        6
 K - a book of Minor Magic

   Spells                             Type                      Level
   a - Magic Dart                     Conjuration                  1
   b - Blink                          Translocation                2
   c - Call Imp                       Summoning                    2
   d - Slow                           Hexes                        2
   e - Conjure Flame                  Conjuration/Fire             3
   f - Mephitic Cloud                 Conjuration/Poison/Air       3
Comestibles
 o - 2 royal jellies
 r - 3 meat rations
 I - 5 bread rations
 L - 2 chunks of flesh


   Skills:
 - Level 5.3 Fighting
 - Level 5.1 Axes
   Level 0.2(3.1) Maces & Flails
 - Level 5.0 Bows
 - Level 5.0 Armour
 - Level 5.3 Dodging
 - Level 5.0 Stealth
 - Level 5.0 Spellcasting
 - Level 5.0 Ice Magic
 + Level 4.6 Earth Magic
 - Level 5.0 Evocations


You had 14 spell levels left.
You knew the following spells:

 Your Spells              Type           Power        Failure   Level  Hunger
a - Freeze                Ice            ###.         1%          1    None
b - Sandblast             Erth           ###...       1%          1    None
c - Magic Dart            Conj           #...         10%         1    None
d - Apportation           Tloc           #.....       34%         1    None
e - Summon Butterflies    Summ           #.......     34%         1    None


Dungeon Overview and Level Annotations

Branches:
Dungeon (11/15)            Temple (0/1) D:5            Lair (1/6) D:9
    Orc (0/2) D:11

Altars:
Elyvilon
Hepliaklqana
Makhleb
Qazlal
Ru
Uskayaw
Vehumet
Xom
Yredelemnul
Zin

Shops:
D:6 :   D:11 *

Annotations:
D:11 Qupu's ghost, journeyman SpEn


Innate Abilities, Weirdness & Mutations

You reflexively headbutt those who attack you in melee.
You have a pair of horns on your head.
You have a somewhat thin skeletal structure. (Dex +2, Stealth)
Your spells are a little harder to cast, but a little more powerful.
Potions are less effective at restoring your health.


Message History

* * * LOW HITPOINT WARNING * * *
You miss Qupu's ghost. Your headbutt misses Qupu's ghost.
Qupu's ghost is moderately damaged.
Qupu's ghost closely misses you.
You miss Qupu's ghost.
Qupu's ghost is moderately damaged.
Qupu's ghost hits you but does no damage.
You barely miss Qupu's ghost.
Qupu's ghost is moderately damaged.
Qupu's ghost hits you.
* * * LOW HITPOINT WARNING * * *
You miss Qupu's ghost. Your headbutt misses Qupu's ghost.
Qupu's ghost is moderately damaged.
Qupu's ghost hits you but does no damage.
You miss Qupu's ghost.
Qupu's ghost is moderately damaged.
Qupu's ghost hits you.
* * * LOW HITPOINT WARNING * * *
You are electrocuted!
You die...

#...# ###.##
...####.<#
#.......# .
######..## ..
##..## ...
#...### ....
##....###
.....
#.##.@W#.....(
#.####('....(.
#.# ###......
#.# ...... #.#
..... #. ##'##
.(. #.


You could see Qupu's ghost.

Vanquished Creatures
  Pikel (D:6)
  A centaur zombie (D:9)
  Psyche (D:10)
  2 trolls (D:10)
  Grinder (D:3)
  A spriggan (D:10)
  5 yaks (D:10)
  A wyvern (Lair:1)
  3 water moccasins
  4 slaves (D:6)
  An orc warrior (D:6)
  3 ice beasts
  3 sky beasts
  An ogre (D:5)
  A black bear (D:9)
  2 phantoms
  2 centaurs (D:9)
  4 wolves
  6 bullfrogs
  Blork the orc (D:4)
  A wyvern skeleton (D:9)
  A water moccasin skeleton (D:10)
  5 scorpions
  3 killer bees (D:10)
  2 howler monkeys (D:4)
  A bullfrog zombie (D:10)
  2 crimson imps
  6 hounds
  5 orc priests
  3 jellies
  3 iguanas
  8 orc wizards
  Natasha (twice) (D:4)
  6 worker ants
  2 big kobold zombies (Ossuary)
  4 hound skeletons
  7 mummies
  Robin (D:4)
  9 adders
  A gnoll (D:1)
  2 shadow imps
  An ooze (D:2)
  An adder skeleton (D:8)
  An adder zombie (D:9)
  2 worms
  3 dart slugs
  4 leopard geckos
  28 orcs
  8 giant cockroaches
  16 goblins
  13 hobgoblins
  4 jackals (D:5)
  5 quokkas
  6 ball pythons
  9 bats
  8 frilled lizards
  7 kobolds
  2 kobold zombies (D:8)
  11 rats
247 creatures vanquished.

Vanquished Creatures (others)
  An orc wizard (D:5)
1 creature vanquished.

Grand Total: 248 creatures vanquished

Notes
Turn   | Place    | Note
-------+----------+-------------------------------------------
     0 | D:1      | Gildeon the Minotaur Hunter began the quest for the Orb.
     0 | D:1      | Reached XP level 1. HP: 18/18 MP: 0/0
   198 | D:1      | Reached XP level 2. HP: 25/25 MP: 1/1
   277 | D:1      | Reached skill level 5 in Bows
   393 | D:1      | Reached XP level 3. HP: 31/31 MP: 2/2
  1023 | D:2      | Reached XP level 4. HP: 40/41 MP: 3/3
  1152 | D:2      | Found a basalt altar of Yredelemnul.
  1178 | D:2      | Found a hazy altar of Hepliaklqana.
  1428 | D:2      | Found a sacrificial altar of Ru.
  1434 | D:2      | Reached skill level 5 in Fighting
  1848 | D:3      | Noticed Grinder
  1857 | D:3      | Killed Grinder
  1857 | D:3      | Reached skill level 5 in Dodging
  1857 | D:3      | Reached XP level 5. HP: 48/48 MP: 4/4
  1857 | D:3      | Reached XP level 6. HP: 56/56 MP: 5/5
  2224 | D:3      | You fall through a shaft for 2 floors!
  2224 | D:5      | Entered Level 5 of the Dungeon
  2285 | D:5      | Reached skill level 1 in Armour
  2934 | D:4      | Noticed Blork the orc
  2951 | D:4      | Killed Blork the orc
  3191 | D:4      | Noticed Robin
  3215 | D:4      | Killed Robin
  3215 | D:4      | Reached XP level 7. HP: 52/61 MP: 6/6
  3513 | D:4      | Found a radiant altar of Vehumet.
  3513 | D:4      | Found a white marble altar of Elyvilon.
  3534 | D:4      | Became a worshipper of Vehumet
  3587 | D:4      | Reached skill level 5 in Armour
  3743 | D:4      | Reached skill level 1 in Axes
  3787 | D:4      | Noticed Natasha
  3797 | D:4      | Killed Natasha
  4197 | D:4      | Noticed Natasha
  4206 | D:4      | Killed Natasha
  4318 | D:5      | Found a staircase to the Ecumenical Temple.
  4362 | D:5      | Reached skill level 5 in Axes
  4407 | D:5      | Reached skill level 1 in Stealth
  4419 | D:5      | Reached XP level 8. HP: 57/68 MP: 7/7
  4965 | D:5      | Noticed a hand axe
  4967 | D:5      | Noticed a dagger
  4968 | D:5      | Found a hide-covered altar of Uskayaw.
  5145 | D:5      | Found a stormy altar of Qazlal.
  5538 | D:6      | Reached skill level 5 in Stealth
  5861 | D:6      | Found Bexas's Book Shoppe.
  5973 | D:6      | Reached * piety under Vehumet
  5973 | D:6      | Offered knowledge of Freeze by Vehumet.
  5973 | D:6      | Reached skill level 1 in Evocations
  5976 | D:6      | Learned a level 1 spell: Freeze
  6437 | D:6      | Noticed Pikel
  6484 | D:6      | Killed Pikel
  6484 | D:6      | Reached XP level 9. HP: 33/74 MP: 8/11
  7033 | D:7      | Reached skill level 5 in Evocations
  7732 | D:8      | Reached skill level 1 in Spellcasting
  7871 | D:8      | Found a sand-covered staircase.
  7878 | Ossuary  | Entered an ossuary
  8030 | Ossuary  | Gained mutation: You are resistant to electric shocks. (rElec) [potion of mutation]
  8030 | Ossuary  | Gained mutation: You have a somewhat thin skeletal structure. (Dex +2, Stealth) [potion of mutation]
  8031 | Ossuary  | Lost mutation: You have a somewhat thin skeletal structure. (Dex +2, Stealth) [potion of mutation]
  8031 | Ossuary  | Lost mutation: You are resistant to electric shocks. (rElec) [potion of mutation]
  8031 | Ossuary  | Gained mutation: Potions are less effective at restoring your health. [potion of mutation]
  8031 | Ossuary  | Gained mutation: You expend magic power (3 MP) to strengthen your wands. [potion of mutation]
  8031 | Ossuary  | Gained mutation: You passively map a small area around you. [potion of mutation]
  8164 | Ossuary  | Lost mutation: You expend magic power (3 MP) to strengthen your wands. [potion of mutation]
  8164 | Ossuary  | Lost mutation: You passively map a small area around you. [potion of mutation]
  8164 | Ossuary  | Gained mutation: You have a somewhat thin skeletal structure. (Dex +2, Stealth) [potion of mutation]
  8610 | D:8      | Reached ** piety under Vehumet
  8610 | D:8      | Offered knowledge of Sandblast by Vehumet.
  9057 | D:8      | Learned a level 1 spell: Sandblast
  9284 | D:9      | Found a staircase to the Lair.
  9493 | D:9      | Gained mutation: Your spells are a little harder to cast, but a little more powerful. [mutagenic meat]
  9537 | D:9      | Found a burning altar of Makhleb.
  9605 | D:9      | Reached skill level 5 in Spellcasting
  9720 | D:9      | Noticed an angel
  9721 | D:9      | Found a shimmering altar of Xom.
  9726 | D:9      | Found a glowing silver altar of Zin.
  9841 | D:9      | Reached skill level 1 in Ice Magic
 10020 | Lair:1   | Entered Level 1 of the Lair of Beasts
 10027 | Lair:1   | Reached XP level 10. HP: 72/81 MP: 16/16
 10632 | Lair:1   | Noticed an eight-headed hydra
 10661 | D:10     | Entered Level 10 of the Dungeon
 10742 | D:10     | Learned a level 1 spell: Magic Dart
 10781 | D:10     | Noticed Psyche
 10833 | D:10     | Killed Psyche
 10839 | D:10     | Offered knowledge of Dazzling Spray by Vehumet.
 10905 | D:10     | HP: 2/81 [troll (7)]
 10975 | D:10     | HP: 4/81 [spriggan baker/dagger (7)]
 10976 | D:10     | Reached skill level 5 in Ice Magic
 11017 | D:10     | Reached skill level 1 in Earth Magic
 11178 | D:10     | HP: 3/81 [yak (10)]
 11552 | D:10     | Reached *** piety under Vehumet
 11988 | D:10     | Learned a level 1 spell: Apportation
 11990 | D:10     | Learned a level 1 spell: Summon Butterflies
 12127 | D:10     | You fall through a shaft!
 12127 | D:11     | Found a staircase to the Orcish Mines.
 12158 | D:11     | Found Ikaukh's Assorted Antiques.
 12187 | D:11     | Bought a potion of curing for 66 gold pieces
 12220 | D:11     | Noticed Qupu's ghost (journeyman SpEn)
 12263 | D:11     | Mangled by Qupu's ghost

Vault maps used:
D:1:      onia_arrival_handbag
D:2:      minmay_diamond_boxcup, overflow_temple_1_default,
          overflow_temple_1_default, nicolae_ru_great_annihilating_truth
D:3:      uniq_grinder
D:4:      gammafunk_temple_overflow_pools, uniq_blork_the_orc, uniq_robin,
          uniq_natasha
D:5:      kennysheep_mini, dancing_weapons_uskayaw, temple_doors_e, first_bread
D:6:      cheibrodos_quashed, serial_shops,
          nicolae_shop_temple_entry_statues_fountains, portal_sewer_entry_f,
          uniq_pikel
D:8:      nicolae_ossuary_entry_giza
D:9:      grunt_temple_overflow_order_and_chaos_1, overflow_temple_1_default,
          lair_entry_dummy
D:10:     the_bakery, uniq_psyche
D:11:     orc_0_dummy, serial_shops, shop, shop_statue, shop, shop,
          nicolae_shop_window_shopping, minmay_st_funbox,
          minmay_guarded_unrand_resistance
Ossuary:  ossuary_the_hunt_dpeg

Skill      XL: |  1  2  3  4  5  6  7  8  9 10 |
---------------+-------------------------------+-----
Bows           | 5 |  5.0
Fighting       | 3 4 5 |  5.3
Dodging        | 5 |  5.3
Armour         | 4 5 |  5.0
Axes           | 5 |  5.1
Stealth        | 1 5 |  5.0
Evocations     | 4 5 |  5.0
Spellcasting   | 5 |  5.0
Ice Magic      | 1 5 |  5.0
Earth Magic    | 4 |  4.6
Maces & Flails | |  0.2

Action                   |  1- 3 |  4- 6 |  7- 9 | 10-12 || total
-------------------------+-------+-------+-------+-------++-------
Melee: Shortbow          |     1 |     2 |       |       ||     3
       Short sword       |     6 |       |       |       ||     6
       Headbutt          |     1 |       |     4 |     5 ||    10
       Battleaxe         |       |       |    25 |    45 ||    70
 Fire: Shortbow          |    97 |   134 |   468 |   172 ||   871
 Cast: Freeze            |       |       |       |    14 ||    14
Evoke: Wand              |       |       |     3 |     2 ||     5
  Use: Scroll            |     9 |     6 |    17 |     3 ||    35
       Potion            |       |     1 |     7 |    12 ||    20
  Eat: Chunk             |       |     7 |     5 |     1 ||    13
       Bread ration      |       |       |     4 |     1 ||     5
Armor: Leather armour    |    10 |    17 |    66 |    63 ||   156
Dodge: Dodged            |    22 |    51 |   178 |   141 ||   392
Block: Other             |       |       |    28 |    42 ||    70

Table legend:
 A = Spawn XP
 B = Non-spawn XP
 C = Spawn XP percentage of total XP
 D = Spawn monster count
 E = Non-spawn monster count
 F = Spawn count percentage of total count
 G = Total turns spent on level
                    A         B        C        D         E        F      G
               +---------+---------+-------+---------+---------+-------+---------
         Total |       0 |    9984 |   0.0 |       0 |     244 |   0.0 | 12263
               +---------+---------+-------+---------+---------+-------+---------
           D:1 |       0 |      65 |   0.0 |       0 |      30 |   0.0 |   690
           D:2 |       0 |     112 |   0.0 |       0 |      30 |   0.0 |  1020
           D:3 |       0 |     316 |   0.0 |       0 |      12 |   0.0 |   900
           D:4 |       0 |     738 |   0.0 |       0 |      43 |   0.0 |  1598
           D:5 |       0 |     563 |   0.0 |       0 |      21 |   0.0 |  1054
           D:6 |       0 |    1158 |   0.0 |       0 |      17 |   0.0 |  1767
           D:7 |       0 |     256 |   0.0 |       0 |       5 |   0.0 |   672
           D:8 |       0 |     848 |   0.0 |       0 |      26 |   0.0 |  1148
           D:9 |       0 |    1740 |   0.0 |       0 |      22 |   0.0 |  1587
          D:10 |       0 |    3147 |   0.0 |       0 |      21 |   0.0 |  1163
          D:11 |       0 |      80 |   0.0 |       0 |       3 |   0.0 |   136
        Lair:1 |       0 |     805 |   0.0 |       0 |       6 |   0.0 |   223
       Ossuary |       0 |     156 |   0.0 |       0 |       8 |   0.0 |   305
               +---------+---------+-------+---------+---------+-------+---------
